 Dungeon Crawl Stone Soup version 0.20.1-1-g8b1a95d (webtiles) character file.

2758 polve the Cleaver (level 9, -2/63 HPs)
             Began as a Demonspawn Fighter on July 3, 2017.
             Was a Believer of Uskayaw.
             Killed by divine providence
             ... invoked by an orc priest
              (11 damage)
             ... on level 7 of the Dungeon.
             The game lasted 00:05:39 (6069 turns).

polve the Cleaver (Demonspawn Fighter)              Turns: 6069, Time: 00:05:40

Health: -2/63      AC: 10    Str: 24      XL:     9   Next: 41%
Magic:  9/9        EV:  5    Int: 11      God:    Uskayaw [**....]
Gold:   155        SH:  8    Dex: 17 (18) Spells: 8/8 levels left

rFire    . . .     SeeInvis .   x - +4 broad axe
rCold    + . .     Gourm    .   B - -2 shield "Ykelouf" {Regen+ Dex+2}
rNeg     . . .     Faith    .   g - +0 chain mail
rPois    .         Spirit   .   (no helmet)
rElec    .         Reflect  .   (no cloak)
rCorr    .         Harm     .   (no gloves)
MR       .....     Clarity  +   (no boots)
Stlth    ..........             (no amulet)
Regen    0.0/turn               i - +2 ring of protection
MPRegen  0.2/turn               m - ring of protection from cold

@: mighty
A: hooves 2, thin skeletal structure 2, clarity, foul stench 2, inhibited
regeneration, rot immunity
a: Stomp, Line Pass, Renounce Religion


You were on level 7 of the Dungeon.
You worshipped Uskayaw.
Uskayaw was noncommittal.
You were not hungry.

You visited 2 branches of the dungeon, and saw 8 of its levels.

You collected 302 gold pieces.
You spent 147 gold pieces at shops.

Inventory:

Hand Weapons
 x - a +4 broad axe (weapon)
Armour
 c - a +0 pair of gloves
 g - a +0 chain mail (worn)
 B - the -2 shield "Ykelouf" (worn) {Regen+ Dex+2}
   (You bought it in a shop on level 6 of the Dungeon)

   It affects your dexterity (+2).
   It increases your rate of regeneration.
Jewellery
 i - a +2 ring of protection (left hand)
 m - a ring of protection from cold (right hand)
 E - an uncursed amulet of guardian spirit {unknown}
Wands
 k - a wand of lightning (10/15)
 t - a wand of random effects (34/48)
Scrolls
 a - a scroll of recharging {unknown}
 b - a scroll of magic mapping {unknown}
 n - a scroll of blinking {unknown}
 o - a scroll of fog {unknown}
 p - a scroll of enchant armour {unknown}
 s - 5 scrolls of identify
 w - 5 scrolls of remove curse
 y - 4 scrolls of teleportation {unknown}
 A - a scroll of amnesia {unknown}
Potions
 d - a potion of mutation {unknown}
 e - a potion of berserk rage {unknown}
 l - a potion of flight {unknown}
 q - a potion of heal wounds {unknown}
 u - 3 potions of curing {unknown}
 v - a potion of resistance {unknown}
 D - a potion of degeneration {unknown}
 F - 2 potions of lignification {unknown}
Comestibles
 f - 3 bread rations
 h - 2 royal jellies
 j - 3 fruits
 r - 3 meat rations
 z - 5 chunks of flesh


   Skills:
 - Level 3.0 Fighting
 + Level 11.8 Axes
 - Level 2.6 Armour
 - Level 2.6 Shields


You had 8 spell levels left.
You didn't know any spells.

Dungeon Overview and Level Annotations

Branches:
Dungeon (7/15)             Temple (1/1) D:5

Altars:
Ashenzari
Cheibriados
Dithmenos
Elyvilon
Fedhas
Gozag
Hepliaklqana
Kikubaaqudgha
Makhleb
Nemelex Xobeh
Okawaru
Qazlal
Ru
Sif Muna
Trog
Uskayaw
Vehumet
Xom
Yredelemnul
Zin
The Shining One

Shops:
D:4 (   D:6 [


Innate Abilities, Weirdness & Mutations

You have hoof-like feet.
You have a moderately thin skeletal structure. (Dex +4, Stealth+)
You frequently emit foul miasma when damaged in melee.
You are immune to rotting.
You possess an exceptional clarity of mind.
You do not regenerate when monsters are visible.


Message History

You kick the orc warrior, but do no damage.
The orc warrior is moderately wounded.
The orc warrior barely misses you.
You barely miss the orc warrior. Your kick misses the orc warrior.
The orc warrior is moderately wounded.
Your shield and chain mail prevent you from hitting the orc warrior.
You kick the orc warrior, but do no damage.
The orc warrior is moderately wounded.
The orc warrior hits you with a dire flail.
* * * LOW HITPOINT WARNING * * *
The orc warrior looks sick.
You feel very mighty all of a sudden.
The orc warrior hits you with a dire flail!
* * * LOW HITPOINT WARNING * * *
You slash the orc warrior! Your kick misses the orc warrior.
The orc warrior is severely wounded.
You block the orc warrior's attack.
The orc priest invokes the aid of Beogh against you.
Beogh smites you!
You die...

# ## .##
#.##### ###
##....# #..
#.###.# #.#
.## #.# ##
########.##
#####.
#ooo@[....#
........
.....#######.#
####... ###
#.## # #..#
#..# #..# ##.#
####..# #..#
...#..# +..#
#.....# ##.##
......## #.##


You could see an orc warrior, an orc priest and an orc.

Vanquished Creatures
  Pikel (D:6)
  The ghost of vishdafish the Skirmisher, an amateur DsFi of Okawaru (D:4)
  Eustachio (D:6)
  The ghost of zkyp the Conjurer, an amateur DgVM (D:6)
  2 sky beasts (D:6)
  An orc warrior (D:7)
  An ice beast (D:5)
  4 slaves (D:6)
  An ogre (D:7)
  2 centaurs (D:5)
  A bullfrog (D:6)
  A gnoll sergeant (D:5)
  4 wights (D:6)
  A crimson imp (D:5)
  A quasit (D:7)
  An orc wizard (D:5)
  A gnoll shaman (D:7)
  2 hounds
  6 jellies
  4 orc priests
  A bullfrog skeleton (D:4)
  Terence (D:2)
  4 worker ants
  10 gnolls
  8 adders
  A howler monkey skeleton (D:5)
  3 shadow imps (D:5)
  An ooze (D:2)
  An adder skeleton (D:4)
  A worm (D:4)
  A dart slug (D:2)
  2 leopard geckos
  14 orcs
  4 giant cockroaches
  6 goblins
  9 hobgoblins
  5 jackals
  7 kobolds
  6 quokkas
  5 bats (D:2)
  3 frilled lizards
  5 rats
135 creatures vanquished.

Vanquished Creatures (others)
  A giant cockroach (D:5)
1 creature vanquished.

Grand Total: 136 creatures vanquished

Notes
Turn   | Place    | Note
-------+----------+-------------------------------------------
     0 | D:1      | polve the Demonspawn Fighter began the quest for the Orb.
     0 | D:1      | Reached XP level 1. HP: 18/18 MP: 1/1
    65 | D:1      | Reached skill level 2 in Axes
   189 | D:1      | Gained mutation: You are immune to rotting. [demonic ancestry]
   189 | D:1      | Reached XP level 2. HP: 24/24 MP: 2/2
   805 | D:2      | Reached skill level 3 in Axes
   908 | D:2      | Gained mutation: You have large cloven feet. [demonic ancestry]
   908 | D:2      | Reached XP level 3. HP: 29/29 MP: 3/3
  1474 | D:2      | Found a sacrificial altar of Ru.
  1557 | D:2      | Noticed Terence
  1563 | D:2      | Killed Terence
  1563 | D:2      | Reached skill level 4 in Axes
  1563 | D:2      | Reached XP level 4. HP: 23/35 MP: 4/4
  2002 | D:3      | Gained mutation: You have a somewhat thin skeletal structure. (Dex +2, Stealth) [demonic ancestry]
  2002 | D:3      | Reached XP level 5. HP: 40/41 MP: 5/5
  2176 | D:4      | Noticed vishdafish's ghost (amateur DsFi)
  2185 | D:4      | Killed vishdafish's ghost
  2185 | D:4      | Reached skill level 6 in Axes
  2185 | D:4      | Gained mutation: You may emit foul miasma when damaged in melee. [demonic ancestry]
  2185 | D:4      | Reached XP level 6. HP: 19/47 MP: 6/6
  2827 | D:4      | Found Qyptio's Antique Weapon Shop.
  2832 | D:4      | Bought a broad axe for 112 gold pieces
  3100 | D:5      | Entered Level 5 of the Dungeon
  3100 | D:5      | Noticed an ice beast
  3110 | D:5      | Killed an ice beast
  3110 | D:5      | Reached skill level 7 in Axes
  3110 | D:5      | Reached XP level 7. HP: 40/52 MP: 7/7
  3643 | D:5      | Reached skill level 8 in Axes
  4112 | D:5      | Gained mutation: You frequently emit foul miasma when damaged in melee. [demonic ancestry]
  4112 | D:5      | Reached XP level 8. HP: 56/58 MP: 8/8
  4197 | D:5      | Reached skill level 9 in Axes
  4411 | D:5      | Found a staircase to the Ecumenical Temple.
  4420 | Temple   | Entered the Ecumenical Temple
  4491 | Temple   | Became a worshipper of Uskayaw the Reveler
  4784 | D:6      | Noticed zkyp's ghost (amateur DgVM)
  4792 | D:6      | Reached * piety under Uskayaw
  4793 | D:6      | Killed zkyp's ghost
  4793 | D:6      | Reached ** piety under Uskayaw
  5085 | D:6      | Reached *** piety under Uskayaw
  5169 | D:6      | Found Ysmellet's Armour Shoppe.
  5196 | D:6      | Bought the cursed -2 shield "Ykelouf" {Regen+ Dex+2} for 35 gold pieces
  5233 | D:6      | Reached skill level 10 in Axes
  5239 | D:6      | Gained mutation: You possess an exceptional clarity of mind. [mutagenic meat]
  5240 | D:6      | Gained mutation: You have hoof-like feet. [mutagenic meat]
  5241 | D:6      | Gained mutation: You do not regenerate when monsters are visible. [mutagenic meat]
  5374 | D:6      | Reached **** piety under Uskayaw
  5391 | D:6      | Noticed Pikel
  5401 | D:6      | Killed Pikel
  5401 | D:6      | Reached skill level 11 in Axes
  5401 | D:6      | Gained mutation: You have a moderately thin skeletal structure. (Dex +4, Stealth+) [demonic ancestry]
  5401 | D:6      | Reached XP level 9. HP: 43/63 MP: 9/9
  5565 | D:6      | Noticed Eustachio
  5571 | D:6      | Killed Eustachio
  6069 | D:7      | Killed from afar by an orc priest

Skill      XL: |  1  2  3  4  5  6  7  8 |
---------------+-------------------------+-----
Axes           | 2 3 4 6 7 8 11 | 11.8
Fighting       | |  3.0
Armour         | |  2.6
Shields        | |  2.6

Action                   |  1- 3 |  4- 6 |  7- 9 || total
-------------------------+-------+-------+-------++-------
Melee: War axe           |   102 |    84 |       ||   186
       Kick              |     6 |    28 |    55 ||    89
       Broad axe         |       |    16 |   183 ||   199
  Use: Potion            |       |     1 |     2 ||     3
       Scroll            |       |     2 |     4 ||     6
 Stab: Paralysed         |       |       |     5 ||     5
  Eat: Chunk             |     2 |     5 |    13 ||    20
Armor: Scale mail        |    46 |    26 |       ||    72
       Chain mail        |       |    34 |   104 ||   138
Dodge: Dodged            |    22 |    18 |    39 ||    79
Block: Shield            |    45 |    50 |    74 ||   169
